 Dungeon Sprint DCSS version 0.28.0-47-ge53b351184 (webtiles) character file.

Game seed: 13152004866671028192

11111 browni3141 the Slayer (level 11, -1/237 HPs)
             Began as an Ogre Berserker on May 4, 2022.
             Was the Champion of Trog.
             Slain by an orc warrior
             ... wielding a +0 battleaxe
              (8 damage)
             ... in the Dungeon (Sprint IX: "|||||||||||||||||||||||||||||").
             The game lasted 00:05:31 (2207 turns).

browni3141 the Slayer (Ogre Berserker)              Turns: 2207, Time: 00:05:32

Health: -1/237     AC:  6    Str: 27    XL:     11   Next: 72%
Magic:  9/9        EV: 12    Int:  8    God:    Trog [******]
Gold:   692        SH:  0    Dex: 14    Spells: 10/10 levels left

rFire   . . .      SeeInvis .   t - +6 giant spiked club (vorpal)
rCold   . . .      Faith    .   (shield currently unavailable)
rNeg    . . .      Spirit   .   b - +0 animal skin
rPois   .          Reflect  .   r - +0 hat
rElec   .          Harm     .   p - +0 cloak
rCorr   .          Rampage  .   (gloves unavailable)
Will    +++..      NoTele   +   (boots unavailable)
Stlth   ..........              (no amulet)
HPRegen 1.49/turn               X - +3 ring of dexterity
MPRegen 0.11/turn               x - +3 ring of dexterity

@: berserking, strong-willed, regenerating, very quick
A: large, unfitting armour, tough skin 1, low MP 1, shaggy fur 2
a: Renounce Religion, Berserk, Trog's Hand, Brothers in Arms


You were in the Dungeon.
You worshipped Trog.
Trog was exalted by your worship.
You visited 1 branch You collected 692 gold pieces.


Innate Abilities, Weirdness & Mutations

You are too large for most types of armour.
You have tough skin. (AC +1)
Your magical capacity is low. (-10% MP)
You are covered in thick fur. (AC +2)


   Skills:
 + Level 23.6 Fighting
 - Level 18.0 Maces & Flails
 - Level 6.0 Armour
 - Level 7.0 Dodging


You had 10 spell levels left.
You didn't know any spells.
Your spell library was empty.

Inventory:

Hand Weapons
 a - a +0 mace
 j - a +2 dire flail of protection
 n - the +3 giant club "Asyof" {vorpal, rF+ Will- Stlth+}
   (Trog gifted it to you in the Dungeon)

   It inflicts extra damage upon your enemies.
   rF:        It protects you from fire.
   Will:      It decreases your willpower.
   Stlth:     It makes you more stealthy.
 o - a +4 antimagic great mace
 t - a +6 vorpal giant spiked club (weapon)
Missiles
 q - 2 throwing nets (quivered)
Armour
 b - a +0 animal skin (worn)
 p - a +0 cloak (worn)
 r - a +0 hat (worn)
Jewellery
 x - a +3 ring of dexterity (right hand)
 X - a +3 ring of dexterity (left hand)
Wands
 i - a wand of iceblast (2)
Scrolls
 h - 3 scrolls of blinking {@r3}
 l - a scroll of fog {@r5}
 m - 2 scrolls of fear
Potions
 c - a potion of invisibility
 d - 8 potions of heal wounds {@q2}
 e - 4 potions of curing {@q1}
 f - 4 potions of magic
 g - a potion of berserk rage {!q}
 k - 2 potions of might
 s - a potion of mutation {!q}

Dungeon Overview and Level Annotations

Branches:
Dungeon (1/1)

Altars:
Cheibriados
Dithmenos
Elyvilon
Fedhas
Gozag
Hepliaklqana
Kikubaaqudgha
Makhleb
Nemelex Xobeh
Okawaru
Qazlal
Ru
Sif Muna
Trog
Uskayaw
Vehumet
Wu Jian
Xom
Yredelemnul
Zin
The Shining One
Beogh
Jiyva
Lugonu

¦?¦.¦.¦.¦
¦?¦.¦.¦.¦.¦
¦?¦.¦.¦.¦.¦
¦?¦.¦.¦.¦.¦
¦?¦.¦.¦.¦.¦
¦?¦.¦.¦.¦.¦
¦?¦.¦.¦.¦.¦
¦?¦.¦÷¦.¦o¦
¦?¦.¦.¦.¦@¦
¦?¦.¦†¦.¦)¦
¦?¦.¦.¦.¦)¦
¦?¦.¦.¦.¦)¦
¦?¦.¦.¦.¦)¦
¦?¦.¦.¦.¦)¦
¦?¦.¦.¦.¦.¦
¦?¦.¦.¦.¦.¦
¦?¦.¦.¦.¦.¦


You could see an orc warrior.


Message History

You feel yourself moving faster!
You feel mighty!
The orc warrior no longer looks unusually strong.
The orc warrior hits you with a +0 short sword!!
* * * LOW HITPOINT WARNING * * *
You are too injured to fight recklessly!
You are too injured to fight recklessly!
You are too injured to fight recklessly!
You are too injured to fight recklessly!
You hit the orc warrior but do no damage.
You impale the orc warrior!!
You kill the orc warrior!
Trog accepts your kill.
You bludgeon the orc warrior!!
The orc warrior is almost dead.
The orc warrior hits you with a +0 war axe!!
* * * LOW HITPOINT WARNING * * *
You crush the orc warrior like a grape!!!
You kill the orc warrior!
Trog accepts your kill. The orc warrior closely misses you.
Items here: $ ( )))) [[[ †††.
You stick the orc warrior like a pincushion!!!
You kill the orc warrior!
Trog accepts your kill.
You flatten the orc warrior like a pancake!!!
You feel the power of Trog in you as your rage grows.
You kill the orc warrior!
Trog accepts your kill.
The orc warrior hits you with a +0 battleaxe!
You die...

Skill      XL: |  1  2  3  4  5  6  7  8  9 10 11 |
---------------+----------------------------------+-----
Maces & Flails | 5 7 9 12 13 15 16 18 | 18.0
Fighting       | 6 8 10 12 13 15 17 19 23 | 23.6
Armour         | 4 6 |  6.0
Dodging        | 5 7 |  7.0

Action                   |  1- 3 |  4- 6 |  7- 9 | 10-12 || total
-------------------------+-------+-------+-------+-------++-------
Melee: Mace              |    31 |    19 |       |       ||    50
       Punch             |     1 |       |       |       ||     1
       Dire flail        |       |     6 |    54 |    73 ||   133
       Giant club        |       |       |       |    54 ||    54
       Giant spiked club |       |       |       |    26 ||    26
Invok: Trog's Hand       |     1 |     2 |     3 |     1 ||     7
       Berserk           |     1 |     2 |     2 |     2 ||     7
       Brothers in Arms  |       |       |     2 |       ||     2
Evoke: Wand              |       |       |       |     8 ||     8
  Use: Potion            |       |     2 |     1 |     1 ||     4
       Scroll            |       |     1 |       |       ||     1
 Stab: Sleeping          |       |       |       |     1 ||     1
Armor: Animal skin       |     4 |     4 |     8 |    25 ||    41
Dodge: Dodged            |    11 |    11 |    16 |    44 ||    82

Levels and vault maps discovered:
D:        linesprint [early_d, line_temple, items_1, d_10, items_2, lair_1,
          lair_end, items_3, orc_1, orc_end, items_4, d_15, swamp_1, shoals_1,
          snake_1, spider_1, d_20, vaults_1, items_5, swamp_end, shoals_end,
          snake_end, spider_end, vaults_end, d_27, items_6, zot_1, zot_end,
          crypt_end, forest_end, elf_end, slime_end, tomb_end, abyss_end,
          pan_hell_end]

Notes
Turn   | Place    | Note
-------+----------+-------------------------------------------
     0 | D        | browni3141 the Ogre Berserker began the quest for the Orb.
     0 | D        | Reached XP level 1. HP: 24/24 MP: 1/1
     6 | D        | Reached skill level 3 in Maces & Flails
    13 | D        | Reached ** piety under Trog
    39 | D        | Noticed a scorpion
    39 | D        | Noticed a phantom
    39 | D        | Noticed a necrophage
    39 | D        | Noticed an iguana
    45 | D        | Killed an iguana
    46 | D        | Reached skill level 6 in Fighting
    46 | D        | Reached skill level 5 in Maces & Flails
    46 | D        | Reached XP level 2. HP: 36/36 MP: 2/2
    46 | D        | Reached XP level 3. HP: 44/44 MP: 3/3
    59 | D        | Killed a necrophage
    59 | D        | Reached *** piety under Trog
    60 | D        | Reached skill level 8 in Fighting
    60 | D        | Reached skill level 7 in Maces & Flails
    60 | D        | Reached XP level 4. HP: 13/57 MP: 4/4
    60 | D        | Reached XP level 5. HP: 14/63 MP: 5/5
    62 | D        | HP: 3/63 [phantom (6)]
    68 | D        | HP: 4/63 [scorpion (6)]
    80 | D        | Reached skill level 9 in Fighting
    80 | D        | Reached skill level 8 in Maces & Flails
    83 | D        | HP: 6/100 [phantom (5)]
    86 | D        | Killed a phantom
    87 | D        | Reached skill level 10 in Fighting
    87 | D        | Reached skill level 9 in Maces & Flails
    87 | D        | Reached XP level 6. HP: 5/78 MP: 6/6
    88 | D        | HP: 2/78 [poisoned by a scorpion]
    91 | D        | Found a snail-covered altar of Cheibriados.
    91 | D        | Found a shadowy altar of Dithmenos.
    91 | D        | Found a white marble altar of Elyvilon.
    91 | D        | Found a blossoming altar of Fedhas.
    91 | D        | Found an opulent altar of Gozag.
    92 | D        | Found a hazy altar of Hepliaklqana.
    93 | D        | Found a viscous altar of Jiyva.
    94 | D        | Found an ancient bone altar of Kikubaaqudgha.
    95 | D        | Found a corrupted altar of Lugonu.
    96 | D        | Found a burning altar of Makhleb.
    97 | D        | Found a sparkling altar of Nemelex Xobeh.
    98 | D        | Found an iron altar of Okawaru.
    99 | D        | Found a stormy altar of Qazlal.
   100 | D        | Found a sacrificial altar of Ru.
   101 | D        | Found a shimmering blue altar of Sif Muna.
   102 | D        | Found a bloodstained altar of Trog.
   103 | D        | Found a hide-covered altar of Uskayaw.
   104 | D        | Found a radiant altar of Vehumet.
   105 | D        | Found an ornate altar of the Wu Jian Council.
   106 | D        | Found a shimmering altar of Xom.
   107 | D        | Found a basalt altar of Yredelemnul.
   108 | D        | Found a glowing silver altar of Zin.
   109 | D        | Found a glowing golden altar of the Shining One.
   417 | D        | Noticed an orc warrior
   417 | D        | Noticed a troll
   417 | D        | Noticed a wraith
   422 | D        | Killed a wraith
   423 | D        | Reached skill level 11 in Fighting
   423 | D        | Reached skill level 11 in Maces & Flails
   425 | D        | Killed a troll
   426 | D        | Reached skill level 12 in Fighting
   426 | D        | Reached skill level 12 in Maces & Flails
   426 | D        | Reached XP level 7. HP: 92/92 MP: 7/7
   427 | D        | Reached **** piety under Trog
   436 | D        | Reached skill level 13 in Fighting
   508 | D        | Noticed a centaur warrior
   508 | D        | Noticed a skeletal warrior
   508 | D        | Noticed a basilisk
   508 | D        | Noticed a troll
   508 | D        | Noticed a queen bee
   511 | D        | Noticed a culicivora
   511 | D        | a queen bee changed into a culicivora
   519 | D        | Killed a culicivora
   520 | D        | Reached skill level 13 in Maces & Flails
   520 | D        | Reached XP level 8. HP: 99/102 MP: 8/8
   531 | D        | Killed a troll
   531 | D        | Reached ***** piety under Trog
   532 | D        | Reached skill level 14 in Fighting
   539 | D        | Reached skill level 14 in Maces & Flails
   545 | D        | Killed a skeletal warrior
   546 | D        | Reached skill level 15 in Fighting
   546 | D        | Reached skill level 15 in Maces & Flails
   546 | D        | Reached XP level 9. HP: 22/115 MP: 9/9
   548 | D        | Killed a centaur warrior
   549 | D        | Reached skill level 16 in Fighting
   922 | D        | Gained mutation: Your magical capacity is low. (-10% MP)
                  | [potion of mutation]
   922 | D        | Gained mutation: You are covered in fur. (AC +1) [potion of
                  | mutation]
   922 | D        | Gained mutation: You are covered in thick fur. (AC +2)
                  | [potion of mutation]
   938 | D        | Noticed a four-headed hydra
   938 | D        | Noticed a komodo dragon
   938 | D        | Noticed a cane toad
   944 | D        | Killed a cane toad
   945 | D        | Reached skill level 16 in Maces & Flails
   953 | D        | Reached skill level 17 in Fighting
   953 | D        | Noticed a cane toad
   956 | D        | Killed a komodo dragon
   957 | D        | Reached XP level 10. HP: 131/131 MP: 9/9
   960 | D        | Killed a four-headed hydra
   961 | D        | Reached skill level 17 in Maces & Flails
   975 | D        | Killed a cane toad
   976 | D        | Reached skill level 18 in Fighting
   978 | D        | HP: 13/132 [poisoned by a water moccasin]
  1347 | D        | Noticed a cane toad
  1347 | D        | Noticed a cane toad
  1354 | D        | Reached skill level 18 in Maces & Flails
  1354 | D        | Reached skill level 1 in Armour
  1354 | D        | Reached skill level 3 in Dodging
  1365 | D        | Killed a cane toad
  1365 | D        | Identified the +3 giant club "Asyof" {vorpal, rF+ Will-
                  | Stlth+} (Trog gifted it to you in the Dungeon)
  1365 | D        | Received a gift from Trog
  1366 | D        | Reached skill level 2 in Armour
  1366 | D        | Reached skill level 4 in Dodging
  1382 | D        | Killed a cane toad
  1383 | D        | Reached skill level 3 in Armour
  1390 | D        | Reached ****** piety under Trog
  1391 | D        | Reached skill level 5 in Dodging
  1416 | D        | Reached skill level 19 in Fighting
  1422 | D        | Reached skill level 4 in Armour
  1663 | D        | Received a gift from Trog
  1664 | D        | Reached XP level 11. HP: 136/145 MP: 9/9
  1672 | D        | Reached skill level 6 in Dodging
  1682 | D        | Reached skill level 5 in Armour
  1815 | D        | Noticed Harold
  1823 | D        | Killed Harold
  1823 | D        | Received a gift from Trog
  1854 | D        | Noticed Joseph
  1855 | D        | Noticed Gastronok
  1864 | D        | Killed Joseph
  1865 | D        | Reached skill level 20 in Fighting
  1865 | D        | Reached skill level 7 in Dodging
  1871 | D        | Killed Gastronok
  1872 | D        | Reached skill level 21 in Fighting
  1872 | D        | Reached skill level 6 in Armour
  2019 | D        | Received a gift from Trog
  2034 | D        | Received a gift from Trog
  2172 | D        | Noticed an orc high priest
  2174 | D        | Noticed a soul eater
  2180 | D        | Reached skill level 22 in Fighting
  2180 | D        | Noticed an orc knight
  2186 | D        | Killed an orc high priest
  2189 | D        | Received a gift from Trog
  2196 | D        | Killed an orc knight
  2197 | D        | Reached skill level 23 in Fighting
  2197 | D        | HP: 9/157 [orc warrior/+0 short sword (12)]
  2202 | D        | HP: 2/235 [orc warrior/+0 war axe (21)]
  2207 | D        | Slain by an orc warrior

Vanquished Creatures
  Gastronok (D)
  A hydra (D)
  Harold (D)
  An orc high priest (D)
  An orc knight (D)
  Joseph (D)
  4 cane toads (D)
  3 komodo dragons (D)
  A polar bear (D)
  2 trolls (D)
  A culicivora (shapeshifter) (D)
  A wraith (D)
  A yak (D)
  5 basilisks (D)
  2 wargs (D)
  A hell hound (D)
  2 water moccasins (D)
  12 orc warriors (D)
  6 wolves (D)
  A necrophage (D)
  A phantom (D)
  A bullfrog (D)
  A scorpion (D)
  A killer bee (D)
  3 orc priests (D)
  An iguana (D)
  4 orc wizards (D)
  An adder zombie (D)
  A dart slug (D)
  6 orcs (D)
  An endoplasm (D)
  A giant cockroach zombie (D)
  A goblin (D)
  2 rats (D)
73 creatures vanquished.

Vanquished Creatures (collateral kills)
  A centaur warrior (D)
  A skeletal warrior (D)
2 creatures vanquished.

Grand Total: 75 creatures vanquished

Table legend: (Time is in decaauts)
 A = Elapsed time spent in this place.
 B = Non-inter-level travel time spent in this place.
 C = Inter-level travel time spent in this place.
 D = Time resting spent in this place.
 E = Time spent auto-exploring this place.
 F = Levels seen in this place.
 G = Mean time per level.
                   A        B        C        D        E       F      G
               +--------+--------+--------+--------+--------+-----+--------+
         Total |   2230 |   2230 |      0 |   1299 |    406 |   1 | 2230.0 |
       Dungeon |   2230 |   2230 |      0 |   1299 |    406 |   1 | 2230.0 |
               +--------+--------+--------+--------+--------+-----+--------+

Top non-repeatable levels by time:
       D: 2230 daAuts

Table legend:
 A = Non-vault XP
 B = Vault XP
 C = Vault XP percentage of total XP
 D = Non-vault monster count
 E = Vault monster count
 F = Vault count percentage of total count
                 A         B        C        D         E       F
            +---------+---------+-------+---------+---------+-------
      Total |       0 |   15874 | 100.0 |       0 |      75 | 100.0
            +---------+---------+-------+---------+---------+-------
          D |       0 |   15874 | 100.0 |       0 |      75 | 100.0
            +---------+---------+-------+---------+---------+-------
